 Dungeon Crawl Stone Soup version 0.24.0-13-gcf9b319 (webtiles) character file.

Game seed: 4528424042843117387, levelgen mode: deterministic

126 Fang the Skirmisher (level 5, 0/33 HPs)
             Began as a Gargoyle Berserker on Dec 2, 2019.
             Was a Believer of Trog.
             Slain by an orc wizard
             ... wielding a +2 dagger of flaming
              (4 damage)
             ... on level 3 of the Dungeon.
             The game lasted 00:02:25 (2046 turns).

Fang the Skirmisher (Gargoyle Berserker)            Turns: 2046, Time: 00:02:25

Health: 0/33       AC:  6    Str: 22    XL:     5   Next: 9%
Magic:  5/5        EV: 12    Int:  7    God:    Trog [**....]
Gold:   112        SH:  0    Dex:  9    Spells: 4/4 levels left

rFire    . . .     SeeInvis .   a - +0 hand axe
rCold    . . .     Gourm    .   (no shield)
rNeg     + . .     Faith    .   b - +0 animal skin
rPois    ∞         Spirit   .   (no helmet)
rElec    +         Reflect  .   (no cloak)
rCorr    .         Harm     .   (no gloves)
MR       .....                  (no boots)
Stlth    +.........             (no amulet)
HPRegen  0.11/turn              (no ring)
MPRegen  0.09/turn              (no ring)

@: no status effects
A: negative energy resistance 1, electricity resistance, unbreathing,
petrification resistance, rot immunity, AC +4
a: Berserk, Trog's Hand, Renounce Religion


You were on level 3 of the Dungeon.
You worshipped Trog.
Trog was pleased with you.
You were not hungry.

You visited 1 branch of the dungeon, and saw 3 of its levels.

You collected 112 gold pieces.

Inventory:

Hand Weapons
 a - a +0 hand axe (weapon)
Armour
 b - a +0 animal skin (worn)
Jewellery
 h - an uncursed amulet of the gourmand
Scrolls
 d - a scroll of enchant armour {unknown}
 e - a scroll of enchant weapon {unknown}
 f - 8 scrolls of identify {unknown}
 i - a scroll of immolation {unknown}
 j - a scroll of teleportation {unknown}
 l - a scroll of remove curse {unknown}
Potions
 g - a potion of brilliance {unknown}
 k - a potion of ambrosia {unknown}
Comestibles
 c - 7 rations


   Skills:
 + Level 4.2 Fighting
 + Level 3.3 Axes
 + Level 3.3 Armour
 + Level 2.4 Dodging


You had 4 spell levels left.
You didn't know any spells.
Your spell library was empty.

Dungeon Overview and Level Annotations

Branches:
Dungeon (3/15)

Altars:


Innate Abilities, Weirdness & Mutations

You are resistant to torment.
Your stone body is resilient. (AC +4)
You are immune to poison.
You resist negative energy. (rN+)
You are resistant to electric shocks. (rElec)
You can survive without breathing.
You are immune to petrification.
You are immune to rotting.


Message History

Something hits you but does no damage.
The orc wizard looks satisfied for a moment.
Things that are here:
a +0 vampiric whip; a gnoll corpse You bump into the rock wall.
The giant cockroach misses you. The kobold hits you but does no damage.
The gnoll barely misses you. Something hits you. Something burns you.
You bump into the rock wall.
The giant cockroach closely misses you.
The kobold hits you with a +0 short sword.
The gnoll hits you from afar with a +0 spear.
* * * LOW HITPOINT WARNING * * *
Something hits you but does no damage.
You're too confused to move!
You feel less confused. The giant cockroach bites you.
* * * LOW HITPOINT WARNING * * *
The kobold hits you with a +0 short sword.
* * * LOW HITPOINT WARNING * * *
The gnoll barely misses you. Something hits you.
You die...

#o.. .. #... # #.o. #...
#... .# #... #######.## #
.(
####.og####..........#...
......os@.....#..#.#.#...
.......{K.....#..#.......
.........(.(..#..#.#.#...
####...####†#.#..........
#... #..(........... #...
###.##.#.##.### #...
#.##.#÷##.# #...
#.#.......### #.
#......##....


You could see an orc wizard, a gnoll, an orc, a giant cockroach and a kobold.

Vanquished Creatures
  A worker ant (D:2)
  3 adders
  A gnoll (D:3)
  An ooze (D:1)
  A leopard gecko (D:1)
  A ball python (D:1)
  4 giant cockroaches
  6 goblins (D:2)
  11 hobgoblins
  7 jackals (D:1)
  7 kobolds
  4 bats
  6 frilled lizards
  5 rats
58 creatures vanquished.

Notes
Turn   | Place    | Note
-------+----------+-------------------------------------------
     0 | D:1      | Fang the Gargoyle Berserker began the quest for the Orb.
     0 | D:1      | Reached XP level 1. HP: 14/14 MP: 1/1
    48 | D:1      | Reached XP level 2. HP: 12/19 MP: 2/2
   519 | D:1      | Reached XP level 3. HP: 21/23 MP: 3/3
   968 | D:1      | Reached ** piety under Trog
  1218 | D:2      | Reached XP level 4. HP: 2/29 MP: 4/4
  1671 | D:2      | Reached skill level 4 in Fighting
  2036 | D:3      | Reached XP level 5. HP: 23/33 MP: 5/5
  2046 | D:3      | Slain by an orc wizard

Levels and vault maps discovered:
D:1:      elethiomel_arrival_shortcut, layout_basic
D:2:      cheibrodos_greedy_goblins, layout_loops_ring, first_ration
D:3:      layout_loops_cross, portal_sewer_entry_d, uniq_robin

Skill      XL: |  1  2  3  4 |
---------------+-------------+-----
Axes           | 3 |  3.3
Dodging        | 2 |  2.4
Armour         | 3 |  3.3
Fighting       | 4 |  4.2

Action                   |  1- 3 |  4- 6 || total
-------------------------+-------+-------++-------
Melee: Hand axe          |   137 |    54 ||   191
  Eat: Chunk             |     1 |     3 ||     4
Armor: Animal skin       |    61 |    25 ||    86
Dodge: Dodged            |   114 |    55 ||   169
